 Dungeon Crawl Stone Soup version 0.20-a0-891-ga2611f4 (webtiles) character file.

1584 Patate the Covert (level 8, -10/36 HPs)
             Began as a Spriggan Enchanter on Mar 16, 2017.
             Was a Follower of Dithmenos.
             Engulfed by a cloud of flame (13 damage)
             ... on level 7 of the Dungeon.
             The game lasted 00:19:33 (7453 turns).

Patate the Covert (Spriggan Enchanter)              Turns: 7453, Time: 00:19:34

Health: -10/36     AC:  3    Str:  6    XL:     8   Next: 61%
Magic:  0/13       EV: 24    Int: 16    God:    Dithmenos [*.....]
Gold:   246        SH:  0    Dex: 17    Spells: 6/12 levels left

rFire    . . .     SeeInvis +   a - +1 dagger
rCold    . . .     Gourm    .   b - +0 robe
rNeg     . . .     Faith    .   (shield restricted)
rPois    .         Spirit   .   j - +0 hat
rElec    .         Reflect  .   r - +0 cloak
rCorr    .         Harm     .   (gloves unavailable)
MR       +....                  (boots unavailable)
Stlth    ++++++....             (no amulet)
Regen    0.2/turn               (no ring)
MPRegen  0.2/turn               (no ring)

@: very slightly contaminated, wreathed by umbra, very quick
A: unfitting armour, see invisible, herbivore 3, speed 3, slow metabolism 2
a: Renounce Religion


You were on level 7 of the Dungeon.
You worshipped Dithmenos.
Dithmenos was aware of your devotion.
You were near starving.

You visited 1 branch of the dungeon, and saw 7 of its levels.

You collected 246 gold pieces.

Inventory:

Hand Weapons
 a - a +1 dagger (weapon)
Armour
 b - a +0 robe (worn)
 j - a +0 hat (worn)
 r - a +0 cloak (worn)
Jewellery
 y - an uncursed ring of protection from fire {unknown}
Wands
 x - a wand of iceblast (6/15)
 A - a wand of disintegration (16/24)
Scrolls
 e - a scroll of identify
 h - 5 scrolls of remove curse {unknown}
 i - a scroll of enchant weapon {unknown}
 n - a scroll of teleportation {unknown}
 o - 4 scrolls of amnesia {unknown}
 p - 3 scrolls of magic mapping {unknown}
 z - a scroll of fear {unknown}
 C - a scroll of fog {unknown}
Potions
 f - 2 potions of lignification
 k - 2 potions of heal wounds
 l - 4 potions of agility
 m - 3 potions of haste
 q - a potion of ambrosia
 s - 2 potions of flight {unknown}
 t - a potion of berserk rage {unknown}
 u - a potion of brilliance {unknown}
 v - a potion of curing {unknown}
Books
 c - a book of Maledictions

   Spells                             Type                      Level
   a - Corona                         Hexes                        1
   b - Ensorcelled Hibernation        Hexes/Ice                    2
   c - Confuse                        Hexes                        3
   d - Tukima's Dance                 Hexes                        3
   e - Dazzling Spray                 Conjuration/Hexes            3
Comestibles
 d - 6 bread rations
 w - 2 fruits
 B - a royal jelly


   Skills:
 * Level 6.9 Short Blades
 + Level 8.2 Dodging
 + Level 11.3 Stealth
 - Level 2.6 Spellcasting
 - Level 4.1 Hexes


You had 6 spell levels left.
You knew the following spells:

 Your Spells              Type           Power        Failure   Level  Hunger
a - Corona                Hex            ###....      4%          1    #......
b - Ensorcelled Hibernat  Hex/Ice        #.....       14%         2    ##.....
c - Confuse               Hex            ###.....     12%         3    ###....


Dungeon Overview and Level Annotations

Branches:
Dungeon (7/15)
 Temple: D:4-7

Altars:
Cheibriados
Dithmenos
Fedhas
Kikubaaqudgha
Nemelex Xobeh
Trog
Wu Jian
Zin


Innate Abilities, Weirdness & Mutations

You are very small and have problems with some larger weapons.
You are too small for most types of armour.
You have supernaturally acute eyesight. (SInv)
You are a herbivore.
You cover ground extremely quickly.
You need consume almost no food.


Message History

You hit the phantom but do no damage.
The phantom is lightly damaged.
The gnoll misses you. The phantom completely misses you.
You hit the gnoll but do no damage. The gnoll misses you.
Okay, then.
Casting: Confuse
Confirm with . or Enter, or press ? or * to list all spells.
Aiming: Ensorcelled Hibernation
Press: ? - help, Shift-Dir - straight line, f - gnoll, p - phantom
Aim: a gnoll (umbra, inner flame, chance to defeat MR: 49%)
The gnoll looks drowsy...
The phantom misses you.
The helpless gnoll fails to defend itself.
You perforate the gnoll like a sieve!!!
The gnoll explodes!
The fiery explosion engulfs you!
Ouch! That really hurt!
* * * LOW HITPOINT WARNING * * *
Dithmenos accepts your kill.
You are engulfed in blazing flames.
You die...

..### # #.#.. .#
#.#.#####.###.#
#.#W#.........#
#####.#@#<#(#######
...#.#§###.#
#######.#[#§§...#
.......)...######
..)......#......g.
......))..........
......?.....####.g
#######..^..#
#.....#


You could see a phantom (inner flame).

Vanquished Creatures
  Sigmund (D:6)
  2 yaks (D:7)
  An orc warrior (D:7)
  A sky beast (D:5)
  A phantom (D:5)
  An ogre (D:5)
  2 bullfrogs
  A crimson imp (D:5)
  2 orc priests (D:4)
  Crazy Yiuf (D:3)
  2 jellies (D:5)
  3 orc wizards
  3 iguanas
  3 worker ants
  A worker ant zombie (D:7)
  5 gnolls
  5 adders
  An ooze (D:2)
  An adder skeleton (D:4)
  3 worms
  A dart slug (D:2)
  3 leopard geckos
  26 orcs
  5 bats
  2 giant cockroaches (D:2)
  7 goblins
  6 hobgoblins
  5 jackals
  3 quokkas
  4 frilled lizards
  4 kobolds
  A leopard gecko zombie (D:5)
  7 rats
114 creatures vanquished.

Notes
Turn   | Place    | Note
-------+----------+-------------------------------------------
     0 | D:1      | Patate the Spriggan Enchanter began the quest for the Orb.
     0 | D:1      | Reached XP level 1. HP: 9/9 MP: 5/5
   481 | D:1      | Reached XP level 2. HP: 13/13 MP: 6/6
   494 | D:1      | Learned a level 2 spell: Ensorcelled Hibernation
   785 | D:1      | Reached skill level 5 in Stealth
  1177 | D:2      | Reached XP level 3. HP: 11/16 MP: 8/8
  1526 | D:2      | Reached skill level 6 in Stealth
  1953 | D:2      | Found a glowing silver altar of Zin.
  2219 | D:2      | Reached XP level 4. HP: 21/21 MP: 4/9
  3315 | D:3      | Found a runed door.
  3319 | D:3      | Noticed Crazy Yiuf
  3323 | D:3      | Killed Crazy Yiuf
  3323 | D:3      | Reached skill level 7 in Stealth
  3533 | D:4      | Found a sparkling altar of Nemelex Xobeh.
  3592 | D:4      | Reached XP level 5. HP: 24/24 MP: 5/10
  3660 | D:4      | Reached skill level 5 in Dodging
  3676 | D:4      | Learned a level 3 spell: Confuse
  3938 | D:4      | Reached skill level 8 in Stealth
  4211 | D:4      | Reached XP level 6. HP: 28/28 MP: 9/11
  4318 | D:4      | Found a shadowy altar of Dithmenos.
  4318 | D:4      | Found an ornate altar of the Wu Jian Council.
  4321 | D:4      | Became a worshipper of Dithmenos the Shadowed
  4500 | D:5      | Entered Level 5 of the Dungeon
  4703 | D:5      | Found a blossoming altar of Fedhas.
  4706 | D:5      | Reached skill level 9 in Stealth
  4707 | D:5      | Found an ancient bone altar of Kikubaaqudgha.
  4829 | D:5      | Reached XP level 7. HP: 25/32 MP: 7/12
  5130 | D:5      | Reached skill level 10 in Stealth
  5906 | D:6      | Found a bloodstained altar of Trog.
  5957 | D:6      | Found a snail-covered altar of Cheibriados.
  6072 | D:6      | Noticed Sigmund
  6086 | D:6      | Killed Sigmund
  6086 | D:6      | Reached skill level 5 in Short Blades
  6086 | D:6      | Reached XP level 8. HP: 36/36 MP: 8/13
  6339 | D:6      | Reached * piety under Dithmenos
  6802 | D:7      | Reached skill level 11 in Stealth
  7453 | D:7      | Engulfed by a cloud of flame

Vault maps used:
D:1:      minmay_arrival_five_plusses
D:2:      zin_treasury
D:3:      uniq_crazy_yiuf_cottage
D:4:      nemelex_xobeh_ov_fountains_minmay, gammafunk_temple_overflow_elements
D:5:      grunt_temple_overflow_growth_and_decay, first_bread
D:6:      lemuel_round_altar, lemuel_doored_altar, uniq_sigmund
D:7:      minmay_temple_entry_fiery

Skill      XL: |  1  2  3  4  5  6  7  8 |
---------------+-------------------------+-----
Hexes          | 4 |  4.1
Stealth        | 5 6 7 8 9 10 11 | 11.3
Dodging        | 4 5 6 7 8 |  8.2
Short Blades   | 2 3 5 6 |  6.9
Spellcasting   | |  2.6

Action                   |  1- 3 |  4- 6 |  7- 9 || total
-------------------------+-------+-------+-------++-------
Melee: Dagger            |   108 |   225 |   189 ||   522
 Cast: Ensorcelled Hiber |    11 |    31 |    37 ||    79
       Confuse           |       |       |    12 ||    12
       Corona            |       |       |     1 ||     1
  Use: Scroll            |       |       |     6 ||     6
 Stab: Sleeping          |    19 |    29 |    25 ||    73
       Distracted        |       |     2 |       ||     2
       Confused          |       |       |     2 ||     2
  Eat: Royal jelly       |       |     2 |     1 ||     3
       Fruit             |       |       |     4 ||     4
Armor: Robe              |     5 |    18 |    12 ||    35
Dodge: Dodged            |    80 |   203 |   112 ||   395
